 Dungeon Crawl Stone Soup version 0.28.0 (webtiles) character file.

Game seed: 440139941106207615

2675 Sanktem7 the Protected (level 9, -6/81 HPs)
             Began as a Minotaur Fighter on Feb 11, 2022.
             Was an Initiate of Okawaru.
             Mangled by a wight (14 damage)
             ... on level 8 of the Dungeon.
             The game lasted 00:15:03 (7691 turns).

Sanktem7 the Protected (Minotaur Fighter)           Turns: 7691, Time: 00:15:04

Health: -6/81      AC: 18    Str: 32    XL:     9   Next: 37%
Magic:  8/8        EV:  8    Int:  5    God:    Okawaru [......]
Gold:   406        SH:  0    Dex:  4    Spells: 8/8 levels left

rFire   . . .      SeeInvis +   B - +6 halberd of Iconoclasm {vorpal, rCorr Str+6 Dex-5}
rCold   . . .      Faith    .   (shield currently unavailable)
rNeg    . . .      Spirit   .   p - +1 plate armour
rPois   .          Reflect  .   y - +2 hat
rElec   .          Harm     .   o - scarf {+Inv}
rCorr   +          Rampage  .   (no gloves)
Will    .....                   k - +0 pair of boots
Stlth   ..........              (no amulet)
HPRegen 0.23/turn               v - ring of see invisible
MPRegen 0.11/turn               (no ring)

@: lethally poisoned (-6 -> -7)
A: horns 2, retaliatory headbutt
a: Renounce Religion, Evoke Invisibility


You were on level 8 of the Dungeon.
You worshipped Okawaru.
Okawaru was noncommittal.
You visited 2 branches of the dungeon, and saw 9 of its levels.

You collected 406 gold pieces.

Inventory:

Hand Weapons
 j - the +7 dagger of Valiance {protect, *Rage Will+++ Int+8}
   (You found it on level 2 of the Dungeon)

   It grants its wielder temporary protection when it strikes (+7 to AC).
   Int:       It affects your intelligence (+8).
   *Rage:     It berserks you when you make melee attacks (+20% chance).
   Will:      It greatly increases your willpower.
 B - the +6 halberd of Iconoclasm (weapon) {vorpal, rCorr Str+6 Dex-5}
   (You found it on level 5 of the Dungeon)

   It inflicts extra damage upon your enemies.
   Str:       It affects your strength (+6).
   Dex:       It affects your dexterity (-5).
   rCorr:     It protects you from acid and corrosion.
Missiles
 n - 10 boomerangs (quivered)
Armour
 h - the +1 chain mail "Jukhah" {Will+}
   (You found it on level 6 of the Dungeon)

   Will:      It increases your willpower.
 k - a +0 pair of boots (worn)
 o - a scarf of invisibility (worn)
 p - a +1 plate armour (worn)
 t - +0 shadow dragon scales
 y - a +2 hat (worn)
Jewellery
 s - a ring of willpower
 v - a ring of see invisible (left hand)
Wands
 u - a wand of iceblast (12)
Scrolls
 b - a scroll of magic mapping
 e - 4 scrolls of teleportation
 f - 2 scrolls of fear
 g - a scroll of holy word
 i - 2 scrolls of noise
 q - 3 scrolls of fog
 r - 2 scrolls of blinking
 x - a scroll of torment {unknown}
 z - 2 scrolls of identify
Potions
 a - a potion of curing
 c - a potion of lignification {unknown}
 d - 3 potions of might
 l - 2 potions of haste
 m - 2 potions of degeneration
 w - a potion of invisibility {unknown}


   Skills:
 * Level 7.9 Fighting
 - Level 2.8 Short Blades
 + Level 4.8(7.3) Axes
 * Level 8.4(9.0) Polearms
 * Level 2.8 Throwing
 + Level 9.0 Armour
 + Level 1.1 Dodging
 - Level 3.6 Shields


You had 8 spell levels left.
You didn't know any spells.
Your spell library contained the following spells:

 Spells                   Type           Power      Damage    Failure   Level
 Slow                     Hex            0%         N/A       98%         1
 Blink                    Tloc           0%         N/A       99%         2
 Confusing Touch          Hex            0%         N/A       100%        3
 Gell's Gravitas          Tloc           0%         N/A       100%        3
 Lesser Beckoning         Tloc           0%         N/A       100%        3
 Teleport Other           Tloc           0%         N/A       100%        3
 Vampiric Draining        Necr           0%         2d6       100%        3
 Blade Hands              Tmut           0%         N/A       100%        5
 Manifold Assault         Tloc           0%         N/A       100%        5
 Iron Shot                Conj/Erth      0%         9d1       100%        6
 Animate Armour           Summ/Erth      Unusable   N/A       N/A         4

Dungeon Overview and Level Annotations

Branches:
Dungeon (8/15)             Temple (1/1) D:7
   Lair: D:8-11

Altars:
Ashenzari
Cheibriados
Dithmenos
Elyvilon
Fedhas
Gozag
Hepliaklqana
Kikubaaqudgha
Makhleb
Nemelex Xobeh
Okawaru
Qazlal
Ru
Sif Muna
Trog
Vehumet
Wu Jian
Xom
Yredelemnul
Zin
The Shining One

Shops:
D:2 *   D:3 ?


Innate Abilities, Weirdness & Mutations

You have a pair of horns on your head.
You reflexively headbutt those who attack you in melee.


Message History

You feel very sick. The gnoll hits you but does no damage.
You are more poisoned.
You slice the gnoll!!
You kill the gnoll!
Okawaru accepts your kill.
You feel very sick.
You barely miss the wight.
You headbutt the wight, but do no damage.
You feel very sick. The wight hits you but does no damage.
You puncture the wight! Your headbutt misses the wight.
The wight is almost destroyed.
You feel very sick.
The wight hits you with a +3 short sword!
* * * LOW HITPOINT WARNING * * *
You completely miss the wight.
The wight is almost destroyed.
You feel sick.
The wight hits you but does no damage. x2
You closely miss the wight. Your headbutt misses the wight.
The wight is almost destroyed.
You feel sick.
The wight hits you with a +3 short sword.
* * * LOW HITPOINT WARNING * * *
You feel drained.
You slice the wight!!
You destroy the wight!
Okawaru accepts your kill.
You feel sick.
Your life force feels restored.
You completely miss the wight.
You feel sick. The wight hits you but does no damage.
You slice the wight!!
You destroy the wight!
Okawaru accepts your kill.
You feel sick.
You puncture the wight!
The wight is almost destroyed.
You feel sick. The wight hits you with a +5 battleaxe!
You die...

....... ....... .......
..... ....... .#.. ........
... ..##.... ..#
#.##...)#### ..# #.##.#
#z#.## .# ..# #.##.# ##@#.#
. ..## #.##.# #.#.## .###.
...## #.##.####.#.###.....
.#..####.#.....####....#
.##............# #....#
.###...........####....#...
.# #.......................
.# #.......###......#####..
.# #...<...##........... .


You could see a wight.

Vanquished Creatures
  A hornet (D:7)
  Sigmund (D:6)
  Duvessa (D:6)
  A water moccasin (D:7)
  An ice beast (D:6)
  A black bear (D:7)
  An ogre (D:5)
  2 centaurs
  Blork the orc (D:6)
  2 scorpions
  A water moccasin zombie (D:6)
  2 water moccasin skeletons (D:3)
  Dowan (D:6)
  2 killer bees (D:8)
  2 howler monkeys (D:7)
  8 wights
  4 hounds
  A jelly (D:4)
  2 gnoll shamans
  An orc priest (D:5)
  A centaur skeleton (D:7)
  A bullfrog skeleton (D:6)
  4 iguanas
  2 orc wizards (D:5)
  A killer bee zombie (D:7)
  A howler monkey zombie (D:7)
  14 gnolls
  A howler monkey skeleton (D:4)
  6 adders
  A white imp (D:8)
  3 ufetubi (D:6)
  An adder skeleton (D:5)
  2 worms
  A dart slug (D:2)
  17 orcs
  7 ball pythons
  11 endoplasms
  5 giant cockroaches
  8 goblins
  7 hobgoblins
  4 quokkas
  7 bats
  2 frilled lizards (D:1)
  5 kobolds
  7 rats
155 creatures vanquished.

Vanquished Creatures (others)
  A plant (D:5)
1 creature vanquished.

Grand Total: 156 creatures vanquished

Notes
Turn   | Place    | Note
-------+----------+-------------------------------------------
     0 | D:1      | Sanktem7 the Minotaur Fighter began the quest for the Orb.
     0 | D:1      | Reached XP level 1. HP: 19/19 MP: 0/0
    62 | D:1      | HP: 1/20 [rat (1)]
    63 | D:1      | Reached XP level 2. HP: 2/27 MP: 1/1
    64 | D:1      | Reached skill level 4 in Armour
   826 | D:1      | Reached XP level 3. HP: 33/33 MP: 2/2
  1344 | D:2      | Identified the +7 dagger of Valiance {protect, *Rage
                  | Will+++ Int+8}
  1352 | D:2      | Found Baleossu's General Store.
  1478 | D:2      | Found a faded altar of an unknown god.
  1710 | D:2      | Reached XP level 4. HP: 41/41 MP: 3/3
  2335 | D:3      | Found Xicoq's Magic Scroll Shoppe.
  2374 | D:3      | Reached skill level 1 in Short Blades
  2374 | D:3      | Reached skill level 5 in Armour
  2417 | D:3      | Reached XP level 5. HP: 47/47 MP: 4/4
  3259 | D:4      | Reached skill level 1 in Dodging
  3320 | D:4      | Reached skill level 6 in Armour
  3411 | D:4      | Reached XP level 6. HP: 30/55 MP: 5/5
  3557 | D:4      | Reached skill level 5 in Fighting
  3917 | D:5      | Entered Level 5 of the Dungeon
  4278 | D:5      | Reached skill level 7 in Armour
  4281 | D:5      | Reached XP level 7. HP: 61/61 MP: 6/6
  4600 | D:5      | Identified the +6 halberd of Iconoclasm {vorpal, rCorr
                  | Str+6 Dex-5}
  4989 | D:5      | Reached skill level 8 in Armour
  5401 | D:6      | Reached skill level 1 in Polearms
  5830 | D:6      | Reached XP level 8. HP: 68/70 MP: 7/7
  5933 | D:6      | Noticed Sigmund
  5947 | D:6      | Killed Sigmund
  5948 | D:6      | Reached skill level 1 in Throwing
  6127 | D:6      | Identified the +1 chain mail "Jukhah" {Will+}
  6195 | D:6      | Noticed Blork the orc
  6198 | D:6      | Noticed Dowan
  6200 | D:6      | Killed Blork the orc
  6201 | D:6      | Noticed Duvessa
  6211 | D:6      | Killed Dowan
  6212 | D:6      | Killed Duvessa
  6296 | D:6      | Reached skill level 5 in Polearms
  6695 | D:7      | Noticed a hornet
  6704 | D:7      | Killed a hornet
  6705 | D:7      | Reached XP level 9. HP: 55/79 MP: 8/8
  6961 | D:7      | Found a staircase to the Ecumenical Temple.
  7186 | Temple   | Entered the Ecumenical Temple
  7550 | Temple   | Became a worshipper of Warmaster Okawaru
  7619 | D:8      | Reached skill level 9 in Armour
  7691 | D:8      | Mangled by a wight

Illustrated notes

Levels and vault maps discovered:
D:1:      lightli_iron_boxes, layout_loops_ring,
          nicolae_concentric_dashed_squares_mild, hangedman_decor_slide_cut
D:2:      layout_basic, serial_shops, nicolae_lakefront_shop,
          ebering_ecumenical_altar_hall, chequers_serial_rivers_large_a,
          minmay_tetromino_l4
D:3:      layout_basic, serial_shops, nicolae_shop_hallway_plus,
          hangedman_decor_opposing, kennysheep_generic_room_14
D:4:      layout_rooms, hangedman_decor_riveting, minmay_increasing_density
D:5:      layout_basic, serial_bayou_lake_a
D:6:      layout_loops_ring, nicolae_fountain_basement, uniq_sigmund,
          uniq_duvessa, uniq_blork_the_orc
D:7:      layout_rooms, minmay_temple_entry_mini_moons
D:8:      layout_rooms, minivault_24, due_unseen_surprise
Temple:   mainiacjoe_temple_trianglar_array

Skill      XL: |  1  2  3  4  5  6  7  8  9 |
---------------+----------------------------+-----
Fighting       | 4 5 6 7 |  7.9
Armour         | 4 5 6 7 8 9 |  9.0
Axes           | 3 4 |  4.8
Short Blades   | 1 2 |  2.8
Dodging        | 1 |  1.1
Polearms       | 1 6 8 |  8.4
Throwing       | 2 |  2.8
Shields        | |  3.6

Action                   |  1- 3 |  4- 6 |  7- 9 || total
-------------------------+-------+-------+-------++-------
Melee: War axe           |    60 |       |       ||    60
       Headbutt          |    10 |    18 |    19 ||    47
       Dagger            |    27 |    91 |    27 ||   145
       Halberd           |       |       |   146 ||   146
  Use: Scroll            |       |       |    14 ||    14
       Potion            |       |       |     2 ||     2
Armor: Scale mail        |    58 |     1 |       ||    59
       Plate armour      |       |    45 |   150 ||   195
Dodge: Dodged            |    44 |    16 |   101 ||   161
Block: Buckler           |    14 |    18 |     3 ||    35
